 Dungeon Crawl Stone Soup version 0.22-a0-455-ga0624bf (webtiles) character file.

856 iamserjio the Skirmisher (level 8, 0/80 HPs)
             Began as an Ogre Ice Elementalist on June 5, 2018.
             Was an Initiate of Kikubaaqudgha.
             Splashed by a jelly's acid (8 damage)
             ... on level 4 of the Dungeon.
             The game lasted 00:16:05 (6923 turns).

iamserjio the Skirmisher (Ogre Ice Elementalist)    Turns: 6923, Time: 00:16:06

Health: 0/80       AC: -12   Str: 13    XL:     8   Next: 2%
Magic:  12/13      EV: 10    Int: 18    God:    Kikubaaqudgha [......]
Gold:   271        SH:  0    Dex:  9    Spells: 11/14 levels left

rFire    . . .     SeeInvis .   i - +2 mace (protect)
rCold    . . .     Gourm    .   (no shield)
rNeg     + . .     Faith    .   a - +1 robe
rPois    .         Spirit   .   (helmet restricted)
rElec    .         Reflect  .   (no cloak)
rCorr    .         Harm     .   (gloves unavailable)
MR       .....                  (boots unavailable)
Stlth    +.........             (no amulet)
HPRegen  0.23/turn              o - ring of positive energy
MPRegen  0.13/turn              (no ring)

@: about to teleport, corroded
A: large, unfitting armour, tough skin 1
a: Renounce Religion


You were on level 4 of the Dungeon.
You worshipped Kikubaaqudgha.
Kikubaaqudgha was noncommittal.
You were not hungry.

You visited 2 branches of the dungeon, and saw 6 of its levels.

You collected 271 gold pieces.

Inventory:

Hand Weapons
 d - a +0 club
 i - a +2 mace of protection (weapon)
 l - a cursed +0 quarterstaff
 q - a cursed -2 hunting sling
 u - a +3 giant spiked club
 w - a +0 flail
 B - a +0 hunting sling of flaming
Missiles
 s - 45 sling bullets
 t - 8 tomahawks
 x - 18 stones
 y - a poisoned tomahawk (quivered)
Armour
 a - a +1 robe (worn)
Jewellery
 b - an uncursed amulet of faith {unknown}
 o - a ring of positive energy (left hand)
Wands
 v - a wand of polymorph (22)
Scrolls
 j - a scroll of immolation {unknown}
 k - a scroll of fear {unknown}
 n - 2 scrolls of identify {unknown}
 r - a scroll of teleportation
 z - a scroll of amnesia {unknown}
Potions
 e - 2 potions of mutation {unknown}
 f - a potion of flight {unknown}
 h - a potion of haste {unknown}
 m - 2 potions of might {unknown}
 p - a potion of cancellation {unknown}
 A - a potion of magic {unknown}
Comestibles
 c - 9 rations
 g - 2 chunks of flesh


   Skills:
 + Level 5.2 Fighting
 * Level 5.1 Maces & Flails
 - Level 1.7 Dodging
 - Level 1.4 Stealth
 + Level 3.9 Spellcasting
 - Level 0.8 Conjurations
 + Level 1.8 Necromancy
 - Level 4.0 Ice Magic


You had 11 spell levels left.
You knew the following spells:

 Your Spells              Type           Power        Failure   Level  Hunger
a - Freeze                Ice            ###.         2%          1    None
b - Throw Frost           Conj/Ice       ##....       9%          2    ##.....

Your spell library contained the following spells:

 Spells                   Type           Power        Failure   Level  Hunger
 Summon Ice Beast         Ice/Summ       ##......     54%         4    ####...
 Ozocubu's Armour         Chrm/Ice       ##......     19%         3    ###....
 Throw Icicle             Conj/Ice       ##......     47%         4    ####...


Dungeon Overview and Level Annotations

Branches:
Dungeon (5/15)             Temple (1/1) D:4

Altars:
Ashenzari
Cheibriados
Dithmenos
Elyvilon
Gozag
Hepliaklqana
Kikubaaqudgha
Makhleb
Ru
Trog
Wu Jian
Xom

Annotations:
D:3 pk666's ghost, amateur DEFE


Innate Abilities, Weirdness & Mutations

You are too large for most types of armour.
You have tough skin. (AC +1)


Message History

A jelly is nearby!
A jelly is nearby!
The jelly hits you.
* * * LOW HITPOINT WARNING * * *
You are splashed with acid!
The acid burns!
* * * LOW HITPOINT WARNING * * *
Okay, then.
There is a stone staircase leading up here.
The jelly hits you.
* * * LOW HITPOINT WARNING * * *
You are splashed with acid!
The acid burns!
* * * LOW HITPOINT WARNING * * *
You climb upwards.
There is a stone staircase leading down here.
As you read the scroll of teleportation, it crumbles to dust.
You feel strangely unstable. The jelly hits you.
* * * LOW HITPOINT WARNING * * *
You are splashed with acid!
The acid burns!
You die...
Kikubaaqudgha rasps: "You have failed me!
Welcome... death!"

...###.## #.# #.#.#
#.##.##.. ..##
##.#####.# #[#.#
#.##...[.
...###........#
#[#.# #.#####..
###.#.#########
#)#.# #.# ##.
#..........# ##.#.#
#.# ##
#..#######.###....#
#.# #.## #.##.....##
#.# #.#
#.#.......####.##
#.#
#....@J....##...####
#.#
#..................#
###.#
##.#.....#.##...##.#
....#
#.##...##.###.###.#
##### #.###.###.#
#.# #.# #.# ##....#
#.###.# #.# #.####
#.##..# #.# #>#
#.##.####
#############.# #.#
#........


You could see a jelly.

Vanquished Creatures
  Menkaure (D:5)
  An ogre (D:2)
  A scorpion (D:4)
  A jelly (D:5)
  A howler monkey (D:4)
  2 hounds
  4 orc priests
  A bullfrog skeleton (D:4)
  2 worker ants
  A hound skeleton (D:4)
  A worker ant zombie (D:5)
  4 gnolls
  7 adders
  4 worms
  7 dart slugs
  4 leopard geckos
  15 orcs
  A ball python (D:1)
  3 giant cockroaches
  6 goblins
  7 hobgoblins
  16 jackals
  5 kobolds
  3 quokkas
  7 bats
  2 frilled lizards
  6 rats
113 creatures vanquished.

Notes
Turn   | Place    | Note
-------+----------+-------------------------------------------
     0 | D:1      | iamserjio the Ogre Ice Elementalist began the quest for the Orb.
     0 | D:1      | Reached XP level 1. HP: 16/16 MP: 3/3
   340 | D:1      | Reached skill level 1 in Fighting
   340 | D:1      | Reached XP level 2. HP: 27/27 MP: 2/5
   787 | D:1      | Reached XP level 3. HP: 26/33 MP: 1/7
   946 | D:1      | Reached skill level 1 in Maces & Flails
  1644 | D:2      | Reached XP level 4. HP: 37/42 MP: 4/8
  1682 | D:2      | Noticed an ogre
  2990 | D:3      | Reached XP level 5. HP: 36/50 MP: 7/9
  3883 | D:3      | Noticed pk666's ghost (amateur DEFE)
  4643 | D:4      | Reached XP level 6. HP: 56/61 MP: 3/10
  5067 | D:4      | Found a staircase to the Ecumenical Temple.
  5077 | Temple   | Entered the Ecumenical Temple
  5131 | Temple   | Became a worshipper of Kikubaaqudgha
  5220 | D:4      | Reached XP level 7. HP: 70/70 MP: 11/11
  6007 | D:1      | Learned a level 2 spell: Throw Frost
  6023 | D:2      | Reached skill level 1 in Necromancy
  6264 | D:5      | Entered Level 5 of the Dungeon
  6422 | D:5      | Found a sacrificial altar of Ru.
  6429 | D:5      | Noticed Menkaure
  6446 | D:5      | Killed Menkaure
  6446 | D:5      | Reached skill level 5 in Fighting
  6798 | D:5      | Reached skill level 5 in Maces & Flails
  6869 | D:5      | Found a hazy altar of Hepliaklqana.
  6880 | D:5      | Reached XP level 8. HP: 18/80 MP: 6/13
  6923 | D:4      | Splashed by a jelly's acid

Vault maps used:
D:1:      mushboom_english_gardens, minivault_24
D:2:      kennysheep_nondescript, minmay_misc_feat_roman
D:4:      minmay_temple_entry_nine_rooms, first_ration
D:5:      kennysheep_mini, basic_altar, uniq_menkaure
Temple:   nicolae_temple_great_sept

Skill      XL: |  1  2  3  4  5  6  7 |
---------------+----------------------+-----
Fighting       | 1 2 3 4 5 |  5.2
Ice Magic      | 3 4 |  4.0
Maces & Flails | 1 2 3 4 5 |  5.1
Spellcasting   | 3 |  3.9
Necromancy     | 1 |  1.8
Dodging        | |  1.7
Stealth        | |  1.4
Conjurations   | |  0.8

Action                   |  1- 3 |  4- 6 |  7- 9 || total
-------------------------+-------+-------+-------++-------
Melee: Unarmed           |     8 |       |       ||     8
       Club              |    31 |    51 |       ||    82
       Mace              |       |    37 |    32 ||    69
Throw: Tomahawk          |       |       |    10 ||    10
 Cast: Freeze            |    54 |   109 |    41 ||   204
       Throw Frost       |       |       |     4 ||     4
  Use: Scroll            |       |     2 |     5 ||     7
 Stab: Sleeping          |     1 |     1 |       ||     2
  Eat: Chunk             |     2 |    11 |     2 ||    15
       Ration            |       |       |     1 ||     1
Armor: Robe              |    31 |    79 |     9 ||   119
       Skin              |       |       |     6 ||     6
Dodge: Dodged            |    45 |   119 |    28 ||   192

Table legend:
 A = Spawn XP
 B = Non-spawn XP
 C = Spawn XP percentage of total XP
 D = Spawn monster count
 E = Non-spawn monster count
 F = Spawn count percentage of total count
 G = Total turns spent on level
                    A         B        C        D         E        F      G
               +---------+---------+-------+---------+---------+-------+---------
         Total |       0 |    1223 |   0.0 |       0 |     113 |   0.0 |  6923
               +---------+---------+-------+---------+---------+-------+---------
           D:1 |       0 |      40 |   0.0 |       0 |      19 |   0.0 |  1401
           D:2 |       0 |     196 |   0.0 |       0 |      21 |   0.0 |  1758
           D:3 |       0 |     199 |   0.0 |       0 |      40 |   0.0 |  1899
           D:4 |       0 |     406 |   0.0 |       0 |      25 |   0.0 |  1140
           D:5 |       0 |     382 |   0.0 |       0 |       8 |   0.0 |   658
               +---------+---------+-------+---------+---------+-------+---------
